AoeStats
← UrNotHimYDF

Golden Pit

509786843Analyzed
1v1 RM · 6d ago on Sep 28, 2026· 30m 15s· 2 players
Game mode
Random Map
Map size
Tiny (2 player)
Population
200
Speed
Normal
Resources
Standard
Victory
Conquest
Starting age
Dark Age
Ending age
Imperial Age
RankedLock teamsTeams togetherTeam positionsShared explorationLock speedFull tech treeHidden civsTurbo modeCheats
Victory
Defeat
🇦🇺 Saxons · Australia
980
+17
🇺🇸 Mongols · United States
997
-44
Hetairoi
7:11 Loom
10:03 Feudal Age
10:31 Double-Bit Axe
13:15 Horse Collar
19:40 Castle Age
18:13 Fletching
19:09 Padded Archer Armor
19:11 Gold Mining
20:21 Forging
21:08 Wheelbarrow
21:16 Stone Mining
21:13 Crossbowman
24:43 Hand Cart
25:29 Bow Saw
26:09 Heavy Plow
27:10 Bodkin Arrow
28:41 Leather Archer Armor
31:01 Bloodlines
UrNotHimYDF
12:44 Feudal Age
13:28 Horse Collar
13:45 Double-Bit Axe
17:50 Gold Mining
17:53 Stone Mining
19:17 Wheelbarrow
27:00 Bloodlines
26:58 Man-at-Arms
Connection lost

Rejoining the realm…

Still unreachable

The connection could not be restored.

Session expired

The server has moved on; the page needs a fresh start.